 Dungeon Crawl Stone Soup version 0.31-a0-931-g7b59d4eb97 (webtiles) character file.

Game seed: 11338068806507035588

5161 BinkBink the Carver (level 10, -16/94 HPs)
             Began as a Minotaur Monk on Oct 19, 2023.
             Was a Believer of Dithmenos.
             Engulfed by a fire crab's flame (23 damage)
             ... on level 8 of the Dungeon.
             The game lasted 00:10:47 (6686 turns).

BinkBink the Carver (Minotaur Monk)                 Turns: 6686, Time: 00:10:48

Health: -16/94     AC: 14    Str: 16    XL:     10   Next: 33%
Magic:  9/9        EV: 16    Int:  7    God:    Dithmenos [**....]
Gold:   525        SH:  0    Dex: 17    Spells: 9/9 levels left

rFire   . . .        J - +1 long sword (flame)
rCold   + . .        (no shield)
rNeg    + . .        h - quicksilver dragon scales
rPois   +            (helmet restricted)
rElec   .            (no cloak)
rCorr   .            m - +0 pair of gloves
SInv    .            t - +0 pair of boots
Will    +....        z - amulet of regeneration
Stlth   +            r - ring of poison resistance
HPRegen 1.15/turn    C - ring of positive energy
MPRegen 0.11/turn

%: no passive effects
@: brilliant, wreathed by umbra, studying Axes
A: horns 2, retaliatory headbutt, talons 1, cold resistance 1, deterioration 1
a: Renounce Religion, Shadow Step


You were on level 8 of the Dungeon.
You worshipped Dithmenos.
Dithmenos was pleased with you.
You visited 2 branches of the dungeon, and saw 9 of its levels.

You collected 525 gold pieces.

Inventory:

Hand Weapons
 J - a +1 long sword of flaming (weapon)
Armour
 d - an orb of light
 h - quicksilver dragon scales (worn)
 m - a +0 pair of gloves (worn)
 t - a +0 pair of boots (worn)
Jewellery
 r - a ring of poison resistance (left hand)
 z - an amulet of regeneration (around neck)
 C - a ring of positive energy (right hand)
 G - a +6 ring of intelligence
 I - a +4 ring of protection
Wands
 b - a wand of flame (15)
 F - a wand of digging (4)
Scrolls
 e - 4 scrolls of enchant armour {unknown}
 f - 3 scrolls of vulnerability {unknown}
 g - 3 scrolls of teleportation {unknown}
 i - 4 scrolls of identify {unknown}
 l - 2 scrolls of amnesia {unknown}
 n - a scroll of immolation {unknown}
 o - a scroll of noise {unknown}
 s - a scroll of fog {unknown}
 u - 2 scrolls of blinking {unknown}
 v - a scroll of revelation {unknown}
 x - a scroll of enchant weapon {unknown}
 y - a scroll of torment {unknown}
 D - a scroll of poison {unknown}
 H - a scroll of acquirement {unknown}
Potions
 c - 3 potions of ambrosia
 j - a potion of cancellation {unknown}
 k - 2 potions of might {unknown}
 p - a potion of heal wounds {unknown}
 q - 3 potions of brilliance
 w - a potion of curing {unknown}
 A - a potion of berserk rage {unknown}
 B - a potion of haste {unknown}
 E - 2 potions of mutation


   Skills:
 + Level 10.5 Fighting
 + Level 10.5 Long Blades
 - Level 7.0 Armour
 + Level 9.6 Dodging


You had 9 spell levels left.
You didn't know any spells.
Your spell library contained the following spells:

 Spells                   Type           Power      Damage    Failure   Level
 Magic Dart               Conj           0%         1d3       63%         1
 Call Imp                 Summ           0%         N/A       77%         2
 Lesser Beckoning         Tloc           0%         N/A       77%         2
 Gell's Gravitas          Tloc           0%         N/A       94%         3
 Mephitic Cloud           Conj/Pois/Air  0%         N/A       94%         3
 Teleport Other           Tloc           0%         N/A       94%         3
 Flame Wave               Conj/Fire      0%         2d4       100%        4
 Fireball                 Conj/Fire      0%         3d3       100%        5


Dungeon Overview and Level Annotations

Branches:
Dungeon (8/15)             Temple (1/1) D:6            Lair (0/5) D:8

Altars:
Cheibriados
Dithmenos
Fedhas
Gozag
Hepliaklqana
Ru
Sif Muna
Trog
Vehumet
Wu Jian
Yredelemnul
Zin

Shops:
D:8 :


Innate Abilities, Weirdness & Mutations

You have a pair of horns on your head.
You reflexively headbutt those who attack you in melee.
You have sharp toenails.
Your flesh is cold resistant. (rC+)
Your body sometimes deteriorates upon taking damage.


Message History

The blast of flame misses you.
You completely miss the fire crab.
You headbutt the fire crab, but do no damage.
The fire crab breathes flames at you.
The blast of flame engulfs you but does no damage.
You hit the fire crab but do no damage.
You are engulfed in blazing flames.
The fire crab misses you.
The fire crab claws you but does no damage.
You hit the fire crab.
The fire crab is lightly wounded.
You are engulfed in blazing flames.
You hit the fire crab. Your headbutt misses the fire crab.
The fire crab is moderately wounded.
You are engulfed in blazing flames.
The fire crab breathes flames at you.
The blast of flame engulfs you but does no damage.
You hit the fire crab but do no damage.
The fire crab is moderately wounded.
The fire crab breathes flames at you. The blast of flame engulfs you.
You hit the fire crab but do no damage. Your headbutt misses the fire crab.
The fire crab is moderately wounded.
You are engulfed in blazing flames.
The fire crab closely misses you. The fire crab claws you.
* * * LOW HITPOINT WARNING * * *
You are engulfed in flames!
* * * LOW HITPOINT WARNING * * *
Okay, then.
It was a potion of brilliance.
You feel clever all of a sudden.
You are engulfed in blazing flames.
* * * LOW HITPOINT WARNING * * *
The fire crab bites you but does no damage.
The fire crab closely misses you.
Okay, then.
It was a potion of mutation.
You feel extremely strange.
You feel yourself wasting away.
You feel resistant to cold.
Your toenails lengthen and sharpen.
You are engulfed in blazing flames.
You die...

#.....##..... #.# ##.##.##...
#.# #.##.##.# ### ###.# ##.
#.......# ..# #...# ..
#.##.##.### #.# #.### ##.
#.##......# #.# #.# ..
#######<#####.#.# #.# #.# ##.
#.......#####.#.###.# #.### #..
##.####........@[..#.###.##.###.
#.....#.#####.##t#.......#.#t...
##..##.#.# #.##......#####.###.
.......#.# #.##......# #.# ##
##.......# #......#### #.# #
##.##.##.# ####...# ####.####
...##.##.# #>..# ##...t...#
#####.##.# #...# #.........
......##.## #...# ##..#.##..


You could see a fire crab.

Vanquished Creatures
  A two-headed ogre (D:8)
  Pikel (D:7)
  Maggie (D:6)
  Grinder (D:6)
  Sigmund (D:3)
  A wyvern (D:7)
  3 yaks (D:8)
  3 water moccasins
  Duvessa (D:6)
  A sky beast (D:7)
  An orc warrior (D:7)
  An ice beast (D:6)
  2 black bears (D:5)
  2 ogres (D:5)
  A centaur (D:7)
  A lemure (D:7)
  A kobold brigand (D:6)
  Blork the orc (D:6)
  4 bullfrogs
  2 scorpions
  6 killer bees (D:8)
  Dowan (D:6)
  2 jellies
  2 gnoll boudas
  3 hounds
  3 orc priests
  6 iguanas
  Jessica (D:3)
  Terence (D:3)
  2 sleepcaps
  Natasha (thrice) (D:2)
  3 orc wizards
  Robin (D:2)
  8 gnolls
  5 adders
  2 white imps
  4 ufetubi (D:7)
  A worm (D:2)
  2 dart slugs (D:1)
  25 orcs
  4 ball pythons
  5 endoplasms
  6 giant cockroaches
  11 goblins
  8 hobgoblins
  10 jackals
  13 kobolds
  2 quokkas
  4 bats
  2 frilled lizards (D:1)
  9 rats
185 creatures vanquished.

Notes
Turn   | Place    | Note
-------+----------+-------------------------------------------
     0 | D:1      | BinkBink the Minotaur Monk began the quest for the Orb.
     0 | D:1      | Reached XP level 1. HP: 19/19 MP: 0/0
    94 | D:1      | Reached XP level 2. HP: 23/27 MP: 1/1
   369 | D:1      | Reached XP level 3. HP: 25/33 MP: 2/2
   712 | D:2      | Reached skill level 1 in Armour
   751 | D:2      | Found an opulent altar of Gozag.
   763 | D:2      | Noticed Natasha
   767 | D:2      | Killed Natasha
   768 | D:2      | Reached XP level 4. HP: 41/41 MP: 3/3
   957 | D:2      | Noticed Robin
   982 | D:2      | Killed Robin
  1007 | D:2      | Noticed Natasha
  1015 | D:2      | Killed Natasha
  1016 | D:2      | Reached XP level 5. HP: 43/47 MP: 4/4
  1082 | D:2      | Noticed Natasha
  1092 | D:2      | Killed Natasha
  1295 | D:3      | Noticed Terence
  1295 | D:3      | Found a hazy altar of Hepliaklqana.
  1324 | D:3      | Killed Terence
  1325 | D:3      | Reached skill level 5 in Fighting
  1325 | D:3      | Reached skill level 5 in Long Blades
  1383 | D:3      | Noticed Jessica
  1387 | D:3      | Killed Jessica
  1536 | D:3      | Reached XP level 6. HP: 54/56 MP: 5/5
  1969 | D:3      | Noticed Sigmund
  1976 | D:3      | Killed Sigmund
  1977 | D:3      | Reached skill level 5 in Dodging
  1977 | D:3      | Reached XP level 7. HP: 62/62 MP: 6/6
  2600 | D:5      | Entered Level 5 of the Dungeon
  3052 | D:5      | Reached skill level 5 in Armour
  3052 | D:5      | Reached XP level 8. HP: 44/71 MP: 7/7
  3943 | D:5      | Identified the +1 chain mail "Zieshocu" {Will+}
  4167 | D:6      | Identified the "Onkufebo"
  4192 | D:6      | Noticed Maggie
  4215 | D:6      | Killed Maggie
  4369 | D:6      | Found a basalt altar of Yredelemnul.
  4400 | D:6      | Noticed Grinder
  4412 | D:6      | Killed Grinder
  4413 | D:6      | Reached XP level 9. HP: 67/81 MP: 8/8
  4507 | D:6      | Noticed Blork the orc
  4516 | D:6      | Killed Blork the orc
  4528 | D:6      | Found a sacrificial altar of Ru.
  4621 | D:6      | Found a staircase to the Ecumenical Temple.
  4632 | Temple   | Entered the Ecumenical Temple
  4641 | Temple   | Became a worshipper of Dithmenos the Shadowed
  4641 | Temple   | Reached * piety under Dithmenos
  4641 | Temple   | Reached ** piety under Dithmenos
  4921 | D:6      | Noticed Dowan
  5031 | D:6      | Noticed Duvessa
  5039 | D:6      | Killed Duvessa
  5045 | D:6      | Killed Dowan
  5454 | D:7      | Noticed Pikel
  5481 | D:7      | Killed Pikel
  6007 | D:8      | Noticed a two-headed ogre
  6015 | D:8      | Killed a two-headed ogre
  6016 | D:8      | Reached skill level 10 in Fighting
  6016 | D:8      | Reached skill level 10 in Long Blades
  6016 | D:8      | Reached XP level 10. HP: 87/93 MP: 9/9
  6163 | D:8      | Found a staircase to the Lair.
  6168 | D:8      | Noticed a fire crab
  6474 | D:8      | Found Qilehago's Book Shop.
  6686 | D:8      | Gained mutation: Your body sometimes deteriorates upon
                  | taking damage. [potion of mutation]
  6686 | D:8      | Gained mutation: Your flesh is cold resistant. (rC+)
                  | [potion of mutation]
  6686 | D:8      | Gained mutation: You have sharp toenails. [potion of
                  | mutation]
  6686 | D:8      | Engulfed by a fire crab's flame

Illustrated notes

Levels and vault maps discovered:
D:1:      minmay_arrival_cross, layout_loops_ring, minmay_unequal
D:2:      layout_rooms, basic_altar, uniq_robin, uniq_natasha
D:3:      layout_rooms, amcnicky_altar_gilded, minmay_misc_feat_rugged,
          dreamdust_princess_bridge, uniq_sigmund, uniq_jessica, uniq_terence
D:4:      layout_gridville
D:5:      black_bear_nest_1, layout_gridville, serial_park_tiny_pond,
          minmay_manual_mullet
D:6:      layout_gridville, mainiacjoe_overflow_24_doors, lemuel_crystal_altar,
          minmay_temple_entry_glass, uniq_grinder, uniq_blork_the_orc,
          uniq_maggie, uniq_duvessa
D:7:      layout_cave_pools, kennysheep_generic_room_9, uniq_pikel
D:8:      layout_loops_cross, minmay_lair_entry_lava, serial_shops,
          nicolae_shop_rolling_square
Temple:   nicolae_temple_superstar

Skill      XL: |  1  2  3  4  5  6  7  8  9 |
---------------+----------------------------+-----
Long Blades    | 4 5 6 8 10 | 10.5
Fighting       | 4 5 6 8 10 | 10.5
Armour         | 1 2 3 5 6 7 |  7.0
Dodging        | 4 5 6 7 9 |  9.6

Action                     |  1- 3 |  4- 6 |  7- 9 | 10-12 || total
---------------------------+-------+-------+-------+-------++-------
  Melee: Falchion          |    57 |   123 |   332 |       ||   512
         Headbutt          |    14 |    25 |    86 |    11 ||   136
         Long sword        |       |       |     5 |    52 ||    57
         Punch             |       |       |       |     2 ||     2
    Use: Potion            |       |       |       |     2 ||     2
 Armour: Robe              |    11 |       |       |       ||    11
         Quicksilver drago |    17 |    93 |   207 |    47 ||   364
  Dodge: Dodged            |    41 |    76 |   253 |    55 ||   425

Table legend: (Time is in decaauts)
 A = Elapsed time spent in this place.
 B = Non-inter-level travel time spent in this place.
 C = Inter-level travel time spent in this place.
 D = Time resting spent in this place.
 E = Time spent auto-exploring this place.
 F = Levels seen in this place.
 G = Mean time per level.
                   A        B        C        D        E       F      G
               +--------+--------+--------+--------+--------+-----+--------+
         Total |   6691 |   6430 |    261 |    889 |   4194 |   9 |  743.4 |
       Dungeon |   6660 |   6418 |    242 |    889 |   4194 |   8 |  832.5 |
        Temple |     30 |     11 |     19 |      0 |      0 |   1 |   30.0 |
               +--------+--------+--------+--------+--------+-----+--------+

Top non-repeatable levels by time:
     D:5: 1331 daAuts
     D:6: 1137 daAuts
     D:3: 936 daAuts
     D:1: 697 daAuts
     D:8: 657 daAuts
     D:7: 652 daAuts
     D:4: 640 daAuts
     D:2: 605 daAuts
  Temple: 30 daAuts
